 Dungeon Crawl Stone Soup version 0.21.1-1-g345015f (webtiles) character file.

46 nicolaieve the Chopper (level 3, -1/31 HPs)
             Began as a Minotaur Berserker on July 24, 2018.
             Was a Believer of Trog.
             Slain by an ooze (2 damage)
             ... on level 2 of the Dungeon.
             The game lasted 00:03:21 (791 turns).

nicolaieve the Chopper (Minotaur Berserker)          Turns: 791, Time: 00:03:23

Health: -1/31      AC:  2    Str: 22    XL:     3   Next: 46%
Magic:  2/2        EV: 12    Int:  4    God:    Trog [**....]
Gold:   67         SH:  0    Dex:  9    Spells: 2/2 levels left

rFire    . . .     SeeInvis .   a - +0 hand axe
rCold    . . .     Gourm    .   (no shield)
rNeg     . . .     Faith    .   b - +0 animal skin
rPois    .         Spirit   .   (helmet restricted)
rElec    .         Reflect  .   (no cloak)
rCorr    .         Harm     .   (no gloves)
MR       ++...                  (no boots)
Stlth    +.........             (no amulet)
HPRegen  1.10/turn              (no ring)
MPRegen  0.08/turn              (no ring)

@: berserk cooldown, regenerating, slowed, very slow
A: retaliatory headbutt, horns 2
a: Berserk, Trog's Hand, Burn Spellbooks, Renounce Religion


You were on level 2 of the Dungeon.
You worshipped Trog.
Trog was pleased with you.
You were not hungry.

You visited 1 branch of the dungeon, and saw 2 of its levels.

You collected 67 gold pieces.

Inventory:

Hand Weapons
 a - a +0 hand axe (weapon)
Armour
 b - a +0 animal skin (worn)
Jewellery
 g - a cursed ring of magical power {unknown}
Scrolls
 d - 3 scrolls of teleportation {unknown}
 i - a scroll of identify {unknown}
 k - a scroll of fear {unknown}
Potions
 e - 2 potions of brilliance {unknown}
 f - a potion of might {unknown}
 h - 2 potions of heal wounds {unknown}
Comestibles
 c - 5 rations


   Skills:
 - Level 3.6 Fighting
 + Level 5.5 Axes
 - Level 2.4 Armour
 - Level 2.1 Dodging


You had 2 spell levels left.
You didn't know any spells.

Dungeon Overview and Level Annotations

Branches:
Dungeon (2/15)

Altars:


Innate Abilities, Weirdness & Mutations

You reflexively headbutt those who attack you in melee.
You have a pair of horns on your head.


Message History

The ooze hits you.
The ooze hits the toadstool.
The toadstool is destroyed!
The ooze closely misses you. The ooze hits you. x2
You slash the ooze!
You kill the ooze!
Trog accepts your kill.
You hit the ooze. You hit the ooze but do no damage. You hit the ooze.
The ooze hits you.
* * * LOW HITPOINT WARNING * * *
The ooze barely misses you.
The jelly hits the toadstool.
The toadstool is destroyed!
The ooze hits you.
* * * LOW HITPOINT WARNING * * *
Your skin crawls.
You feel resistant to hostile enchantments.
You feel quite a bit more hungry. The ooze hits you.
* * * LOW HITPOINT WARNING * * *
The ooze jiggles.
The ooze hits you.
You die...

....#########.##..÷÷J%#
.######....#.#.#.÷PP.P#
....##.....#.#.#÷.....#
###(').....#'#.#..PP.P#
##..'(......)#.#J.....#
###
.#..)).......#.#P.÷P.P#
..#
....##.......#.#J.....#
#.#
.######......##JJJ..P.#
# #.# .#
##########@JJ...#
#.##.## ########
#...... # ### ####.#.
#.###.#######.#.
#.............#<
####..#########. #..#
#. #.## #. #.# ##


You could see a jelly and 6 oozes.

Vanquished Creatures
  3 oozes
  A worm (D:2)
  A dart slug (D:1)
  A giant cockroach (D:1)
  5 goblins (D:1)
  2 hobgoblins (D:1)
  4 bats
  2 frilled lizards (D:1)
  9 kobolds
  2 rats
  A toadstool (D:2)
31 creatures vanquished.

Vanquished Creatures (others)
  2 toadstools (D:2)
2 creatures vanquished.

Grand Total: 33 creatures vanquished

Notes
Turn   | Place    | Note
-------+----------+-------------------------------------------
     0 | D:1      | nicolaieve the Minotaur Berserker began the quest for the Orb.
     0 | D:1      | Reached XP level 1. HP: 19/19 MP: 0/0
    89 | D:1      | Reached skill level 4 in Axes
   124 | D:1      | Reached XP level 2. HP: 17/26 MP: 1/1
   445 | D:1      | Reached skill level 5 in Axes
   505 | D:1      | Reached XP level 3. HP: 31/31 MP: 2/2
   780 | D:2      | Reached ** piety under Trog
   791 | D:2      | HP: 1/31 [ooze (4)]
   791 | D:2      | Slain by an ooze

Skill      XL: |  1  2 |
---------------+-------+-----
Axes           | 4 5 |  5.5
Fighting       | |  3.6
Armour         | |  2.4
Dodging        | |  2.1

Action                   || total
-------------------------++-------
Melee: Hand axe          ||    58
       Headbutt          ||    14
Invok: Berserk           ||     1
       Trog's Hand       ||     1
  Eat: Chunk             ||     1
Armor: Animal skin       ||    14
Dodge: Dodged            ||    48
